[ AOE2 MATCH · #505584536 ]
UnrankedSicilians vs Malians
Player's team · WIN
Rival team · LOSS
[ REPLAY ANALYSIS · EXTRACTED FROM THE RECORDED GAME ]
Feudal
9:23
Castle
21:52
Imperial
—
| APM avg | 86.5 |
| APM peak | 126 |
| eAPM avg | 25.0 |
| Villagers / military | 60 / 24 |
Focus
⚔️ 42.4% · 🌾 57.6%
Archer ×10 · Militia ×5 · Knight ×4 · Skirmisher ×4 · Spearman ×1
Feudal
9:41
Castle
19:31
Imperial
—
| APM avg | 54.0 |
| APM peak | 75 |
| eAPM avg | 23.4 |
| Villagers / military | 46 / 17 |
Focus
⚔️ 31.4% · 🌾 68.6%
Archer ×10 · Skirmisher ×6 · Mangonel ×1
Match map
Initial resources + every placement click. Lines = walls · curves = elevation contours. ◆ gold · ⬟ stone · ● berries · ✦ relic · ◌ wall gap
Your base· Open — 4t gap
CNZS_八戒's base· Open — 4t gap
Smoothed initial terrain · ◌ = detected wall gap · hover for details
Inputs per minute
— hK | Romell13 - - CNZS_八戒
Build order — hK | Romell13
First 150 of 154 actions detected
| 0:02 | Queue | Villager (Male) |
| 0:02 | Queue | Villager (Male) |
| 0:03 | Build | House |
| 0:04 | Build | House |
| 0:06 | Queue | Villager (Male) |
| 0:06 | Queue | Villager (Male) |
| 0:07 | Queue | Villager (Male) |
| 1:28 | Queue | Villager (Male) |
| 1:59 | Build | Lumber Camp |
| 1:59 | Queue | Villager (Male) |
| 2:15 | Queue | Villager (Male) |
| 2:15 | Queue | Villager (Male) |
| 2:31 | Queue | Villager (Male) |
| 2:57 | Queue | Villager (Male) |
| 3:32 | Queue | Villager (Male) |
| 3:53 | Build | House |
| 4:03 | Queue | Villager (Male) |
| 4:04 | Queue | Villager (Male) |
| 4:16 | Build | Mill |
| 4:24 | Queue | Villager (Male) |
| 4:42 | Queue | Villager (Male) |
| 4:55 | Queue | Villager (Male) |
| 5:14 | Queue | Villager (Male) |
| 5:14 | Queue | Villager (Male) |
| 6:09 | Build | House |
| 6:10 | Queue | Villager (Male) |
| 6:15 | Research | Loom |
| 6:33 | Build | Barracks |
| 7:02 | Build | Mining Camp |
| 7:13 | Research | Feudal Age |
| 7:37 | Build | House |
| 7:37 | Queue | Militia |
| 7:38 | Queue | Militia |
| 7:58 | Queue | Militia |
| 8:11 | Queue | Militia |
| 8:11 | Queue | Militia |
| 9:18 | Queue | Villager (Male) |
| 9:23 | Age | Feudal Age |
| 9:27 | Build | Archery Range |
| 9:28 | Research | Man-at-Arms (upgrade) |
| 9:30 | Queue | Villager (Male) |
| 9:30 | Queue | Villager (Male) |
| 9:30 | Queue | Villager (Male) |
| 9:50 | Queue | Villager (Male) |
| 9:50 | Queue | Villager (Male) |
| 9:50 | Queue | Villager (Male) |
| 10:33 | Queue | Villager (Male) |
| 10:37 | Queue | Villager (Male) |
| 10:38 | Queue | Archer |
| 10:38 | Queue | Archer |
| 10:49 | Queue | Archer |
| 10:50 | Build | Farm |
| 10:50 | Build | Farm |
| 10:51 | Build | Farm |
| 10:51 | Build | Farm |
| 10:52 | Queue | Villager (Male) |
| 10:53 | Queue | Villager (Male) |
| 11:20 | Queue | Villager (Male) |
| 11:27 | Build | Farm |
| 11:31 | Queue | Archer |
| 11:37 | Build | House |
| 11:40 | Queue | Villager (Male) |
| 11:41 | Queue | Spearman |
| 12:07 | Research | Double-Bit Axe |
| 12:08 | Research | Double-Bit Axe |
| 12:23 | Queue | Archer |
| 12:39 | Queue | Villager (Male) |
| 12:39 | Queue | Villager (Male) |
| 12:39 | Queue | Villager (Male) |
| 12:41 | Build | Mill |
| 12:47 | Queue | Archer |
| 12:47 | Queue | Archer |
| 12:52 | Build | Farm |
| 12:56 | Build | House |
| 12:57 | Build | House |
| 13:00 | Queue | Villager (Male) |
| 13:00 | Queue | Villager (Male) |
| 13:01 | Queue | Villager (Male) |
| 13:05 | Build | House |
| 13:15 | Build | Farm |
| 13:23 | Queue | Skirmisher |
| 13:32 | Queue | Villager (Male) |
| 13:57 | Queue | Skirmisher |
| 13:57 | Queue | Villager (Male) |
| 14:00 | Build | Blacksmith |
| 14:19 | Queue | Skirmisher |
| 14:20 | Queue | Villager (Male) |
| 14:20 | Queue | Villager (Male) |
| 14:34 | Build | Farm |
| 14:34 | Build | Farm |
| 14:35 | Build | Farm |
| 14:35 | Build | Farm |
| 14:36 | Queue | Villager (Male) |
| 14:36 | Queue | Villager (Male) |
| 14:53 | Research | Fletching |
| 14:53 | Research | Fletching |
| 14:54 | Research | Fletching |
| 14:56 | Queue | Archer |
| 14:57 | Queue | Archer |
| 14:57 | Queue | Archer |
| 15:11 | Build | House |
| 15:12 | Build | House |
| 15:20 | Queue | Villager (Male) |
| 15:20 | Queue | Villager (Male) |
| 15:23 | Build | House |
| 15:24 | Queue | Villager (Male) |
| 15:24 | Queue | Villager (Male) |
| 15:28 | Build | Palisade Wall |
| 15:43 | Build | Palisade Wall |
| 15:47 | Queue | Villager (Male) |
| 15:47 | Queue | Villager (Male) |
| 15:47 | Queue | Villager (Male) |
| 15:56 | Queue | Villager (Male) |
| 16:00 | Build | Palisade Wall |
| 16:04 | Build | Farm |
| 16:06 | Build | House |
| 16:09 | Build | Farm |
| 16:10 | Queue | Villager (Male) |
| 16:14 | Build | Farm |
| 16:19 | Queue | Villager (Male) |
| 16:23 | Build | House |
| 16:23 | Build | House |
| 16:50 | Queue | Skirmisher |
| 16:51 | Queue | Villager (Male) |
| 16:53 | Build | Farm |
| 16:59 | Queue | Villager (Male) |
| 17:03 | Queue | Villager (Male) |
| 17:22 | Build | Farm |
| 17:28 | Build | Farm |
| 17:55 | Build | Farm |
| 18:20 | Build | Farm |
| 18:39 | Build | Lumber Camp |
| 18:41 | Queue | Villager (Male) |
| 18:49 | Build | Farm |
| 19:12 | Research | Castle Age |
| 19:12 | Research | Castle Age |
| 19:41 | Build | Stable |
| 20:21 | Research | Gold Mining |
| 20:22 | Research | Horse Collar |
| 20:24 | Research | Horse Collar |
| 20:24 | Research | Horse Collar |
| 21:04 | Build | Stable |
| 21:04 | Research | Bloodlines |
| 21:35 | Research | Wheelbarrow |
| 21:38 | Research | Scale Barding Armor |
| 21:49 | Queue | Villager (Male) |
| 21:52 | Age | Castle Age |
| 21:55 | Queue | Knight |
| 21:56 | Queue | Knight |
| 22:00 | Build | House |
Build order — CNZS_八戒
123 actions detected in the replay
| 0:00 | Queue | Villager (Male) |
| 0:01 | Queue | Villager (Male) |
| 0:02 | Build | House |
| 0:03 | Build | House |
| 0:08 | Queue | Villager (Male) |
| 0:09 | Queue | Villager (Male) |
| 0:09 | Queue | Villager (Male) |
| 1:31 | Queue | Villager (Male) |
| 1:32 | Queue | Villager (Male) |
| 1:53 | Build | Lumber Camp |
| 1:59 | Queue | Villager (Male) |
| 1:59 | Queue | Villager (Male) |
| 2:14 | Queue | Villager (Male) |
| 2:14 | Queue | Villager (Male) |
| 2:44 | Queue | Villager (Male) |
| 2:44 | Queue | Villager (Male) |
| 3:01 | Queue | Villager (Male) |
| 3:01 | Queue | Villager (Male) |
| 3:30 | Queue | Villager (Male) |
| 3:30 | Queue | Villager (Male) |
| 4:00 | Build | House |
| 4:11 | Queue | Villager (Male) |
| 4:11 | Queue | Villager (Male) |
| 4:16 | Queue | Villager (Male) |
| 4:17 | Queue | Villager (Male) |
| 4:23 | Build | House |
| 4:53 | Queue | Villager (Male) |
| 4:59 | Build | Palisade Wall |
| 5:01 | Build | Mill |
| 5:10 | Queue | Villager (Male) |
| 5:56 | Queue | Villager (Male) |
| 6:21 | Queue | Villager (Male) |
| 6:42 | Build | Mill |
| 6:52 | Research | Loom |
| 6:52 | Research | Loom |
| 7:25 | Research | Feudal Age |
| 7:25 | Research | Feudal Age |
| 8:10 | Build | Barracks |
| 8:24 | Build | House |
| 8:26 | Build | Palisade Wall |
| 8:27 | Build | Palisade Wall |
| 8:36 | Build | House |
| 8:38 | Build | Palisade Wall |
| 9:19 | Queue | Villager (Male) |
| 9:41 | Age | Feudal Age |
| 9:44 | Build | Archery Range |
| 9:50 | Research | Double-Bit Axe |
| 9:52 | Research | Horse Collar |
| 9:58 | Build | Mining Camp |
| 10:00 | Queue | Villager (Male) |
| 10:12 | Queue | Villager (Male) |
| 10:23 | Build | House |
| 10:44 | Queue | Villager (Male) |
| 10:48 | Build | Farm |
| 10:50 | Build | Farm |
| 10:50 | Queue | Archer |
| 11:16 | Queue | Villager (Male) |
| 11:18 | Queue | Archer |
| 11:18 | Queue | Archer |
| 11:21 | Build | Farm |
| 11:41 | Queue | Villager (Male) |
| 11:49 | Queue | Archer |
| 11:50 | Queue | Villager (Male) |
| 11:54 | Queue | Villager (Male) |
| 11:58 | Build | Farm |
| 12:06 | Queue | Villager (Male) |
| 12:17 | Build | Farm |
| 12:18 | Queue | Archer |
| 12:46 | Build | House |
| 12:47 | Build | House |
| 12:48 | Build | House |
| 12:58 | Build | Palisade Wall |
| 13:05 | Build | Palisade Wall |
| 13:08 | Build | Farm |
| 13:09 | Queue | Villager (Male) |
| 13:23 | Queue | Archer |
| 13:57 | Queue | Villager (Male) |
| 13:58 | Queue | Villager (Male) |
| 14:21 | Queue | Villager (Male) |
| 14:22 | Queue | Archer |
| 14:22 | Queue | Archer |
| 14:26 | Build | Watch Tower |
| 14:32 | Queue | Skirmisher |
| 14:32 | Queue | Skirmisher |
| 14:43 | Build | House |
| 14:46 | Queue | Villager (Male) |
| 14:50 | Build | House |
| 15:22 | Queue | Villager (Male) |
| 15:28 | Build | Blacksmith |
| 15:47 | Build | Lumber Camp |
| 15:53 | Queue | Villager (Male) |
| 16:04 | Build | Farm |
| 16:11 | Queue | Archer |
| 16:12 | Queue | Archer |
| 16:51 | Research | Castle Age |
| 16:51 | Research | Castle Age |
| 16:52 | Research | Castle Age |
| 16:59 | Queue | Skirmisher |
| 17:11 | Build | Farm |
| 17:30 | Research | Fletching |
| 17:30 | Research | Fletching |
| 17:38 | Build | House |
| 17:41 | Queue | Skirmisher |
| 18:01 | Queue | Skirmisher |
| 18:22 | Queue | Skirmisher |
| 18:31 | Build | House |
| 19:07 | Queue | Villager (Male) |
| 19:31 | Age | Castle Age |
| 19:34 | Build | Siege Workshop |
| 19:55 | Queue | Villager (Male) |
| 19:56 | Research | Bow Saw |
| 19:56 | Research | Bow Saw |
| 20:16 | Research | Horse Collar |
| 20:17 | Research | Horse Collar |
| 20:18 | Queue | Villager (Male) |
| 20:20 | Queue | Mangonel |
| 20:23 | Queue | Villager (Male) |
| 20:39 | Build | House |
| 20:54 | Build | House |
| 21:07 | Queue | Villager (Male) |
| 21:19 | Research | Wheelbarrow |
| 21:19 | Research | Wheelbarrow |
| 22:26 | Build | Town Center |
Match timeline
| 4:59 | CNZS_八戒 · wall_segment Palisade Wall x3 |
| 6:33 | hK | Romell13 · first_building Barracks |
| 8:10 | CNZS_八戒 · first_building Barracks |
| 8:26 | CNZS_八戒 · wall_segment Palisade Wall x1 |
| 8:27 | CNZS_八戒 · wall_segment Palisade Wall x1 |
| 8:38 | CNZS_八戒 · wall_segment Palisade Wall x1 |
| 9:23 | hK | Romell13 · age_up feudal |
| 9:27 | hK | Romell13 · first_building Archery Range |
| 9:41 | CNZS_八戒 · age_up feudal |
| 9:44 | CNZS_八戒 · first_building Archery Range |
| 12:58 | CNZS_八戒 · wall_segment Palisade Wall x6 |
| 13:05 | CNZS_八戒 · wall_segment Palisade Wall x8 |
| 15:28 | hK | Romell13 · wall_segment Palisade Wall x5 |
| 15:43 | hK | Romell13 · wall_segment Palisade Wall x11 |
| 16:00 | hK | Romell13 · wall_segment Palisade Wall x10 |
| 19:31 | CNZS_八戒 · age_up castle |
| 19:34 | CNZS_八戒 · first_building Siege Workshop |
| 19:41 | hK | Romell13 · first_building Stable |
| 21:52 | hK | Romell13 · age_up castle |
| 22:36 | CNZS_八戒 · resign |
[ AI ANALYSIS · 1 CREDIT ]
What really happened in this match?
Wolo.gg analyzes every decision: build order, eco, micro, common mistakes by bracket. Personalized analysis on WhatsApp or Discord in 30 seconds.
Civ guide
Sicilians
Perfil
Jugador #917863